 Dungeon Crawl Stone Soup version 0.28-a0-556-gab23d0e057 (webtiles) character file.

Game seed: 14484205659550841036

43 CowFu the Grave Robber (level 3, -5/28 HPs)
             Began as a Deep Dwarf Necromancer on Sept 29, 2021.
             Killed from afar by a white imp (7 damage)
             ... with a puff of frost
             ... summoned by Natasha
             ... on level 1 of the Dungeon.
             The game lasted 00:02:17 (1936 turns).

CowFu the Grave Robber (Deep Dwarf Necromancer)     Turns: 1936, Time: 00:02:18

Health: -5/28      AC:  2    Str: 12    XL:     3   Next: 37%
Magic:  1/5        EV: 12    Int: 15    God:
Gold:   20         SH:  0    Dex: 13    Spells: 1/5 levels left

rFire   . . .      SeeInvis .   b - +0 club
rCold   . . .      Faith    .   (no shield)
rNeg    . . .      Spirit   .   a - +0 robe
rPois   .          Reflect  .   (no helmet)
rElec   .          Harm     .   (no cloak)
rCorr   .          Rampage  .   (no gloves)
Will    .....                   (no boots)
Stlth   ++........              (no amulet)
HPRegen 0.00/turn               (no ring)
MPRegen 0.09/turn               (no ring)

@: slowed, very slow
A: damage resistance, heal wounds, sense surroundings 1, no regeneration
a: Heal Wounds


You were on level 1 of the Dungeon.
You visited 1 branch of the dungeon, and saw 2 of its levels.

You collected 20 gold pieces.

Inventory:

Hand Weapons
 b - a +0 club (weapon)
Armour
 a - a +0 robe (worn)
Jewellery
 e - an amulet of the acrobat
Scrolls
 c - a scroll of immolation {unknown}
Potions
 d - a potion of haste {unknown}
 f - a potion of flight {unknown}


   Skills:
 - Level 2.1 Dodging
 - Level 2.4 Stealth
 - Level 1.7 Spellcasting
 + Level 5.7 Necromancy


You had one spell level left.
You knew the following spells:

 Your Spells              Type           Power      Damage    Failure   Level
a - Pain                  Necr           72%        1d7       2%          1
b - Vampiric Draining     Necr           9%         2d7       6%          3

Your spell library contained the following spells:

 Spells                   Type           Power      Damage    Failure   Level
 Animate Skeleton         Necr           36%        N/A       2%          1
 Animate Dead             Necr           9%         N/A       22%         4
 Agony                    Necr           18%        N/A       52%         5
 Hailstorm                Conj/Ice       1%         3d3       92%         4
 Ice Form                 Ice/Tmut       1%         N/A       92%         4
 Simulacrum               Ice/Necr       4%         N/A       100%        6


Dungeon Overview and Level Annotations

Branches:
Dungeon (2/15)

Altars:

Annotations:
D:1 Natasha


Innate Abilities, Weirdness & Mutations

You are resistant to damage.
You can heal yourself by infusing magical energy.
You passively map a small area around you.
You do not regenerate.


Message History

Natasha barely resists.
Natasha casts a spell.
Casting: Pain (safe; 2% risk of failure)
Confirm with . or Enter, or press ? or * to list all spells.
You don't have enough magic to cast this spell.
Unknown command.
Natasha barely misses you.
The shadow imp shouts, "Crawl home, thou tottering full-gorged foot-licker!"
You closely miss Natasha.
Natasha is heavily wounded.
Natasha barely misses you. The shadow imp hits you.
You hit Natasha but do no damage.
Natasha is heavily wounded.
Natasha barely misses you. The shadow imp gestures at you.
Pain shoots through your body!
* * * LOW HITPOINT WARNING * * *
Natasha claws you.
* * * LOW HITPOINT WARNING * * *
You feel better. The shadow imp hits you.
Natasha mumbles some strange words.
You miss Natasha.
Natasha is heavily wounded.
The shadow imp barely misses you.
Natasha casts a spell.
The white imp barely misses you.
You barely miss Natasha.
Natasha is heavily wounded.
The shadow imp barely misses you.
The white imp hits you but does no damage.
Natasha casts a spell at you.
You feel yourself slow down. The shadow imp closely misses you.
The iron imp puffs mist at you.
You closely miss Natasha.
Natasha is heavily wounded.
Natasha claws you!
* * * LOW HITPOINT WARNING * * *
The white imp gestures at you. The puff of frost hits you!
You die...

........# #...........##.##.....
........# #...........##.####...
'##'##### #...........##.# #...
.##.# ##..........##.# ###.
###.### ##.........##.# #.
......########.........##.# #.
###.#..#⌠#⌠#⌠#..5....".##.# #.
....#....._.....55#######.######.
#####.##⌠#⌠#⌠###@h# #........
.......#######...># ########.
#####.##########################.
#.#.........(................
#.#.#########################
#####.#.###### .............#
###### .............# #....#
.............# #....#


You could see an iron imp (summoned), Natasha, a white imp (summoned) and a
shadow imp (summoned).

Vanquished Creatures
  A gnoll (D:1)
  2 ball pythons (D:1)
  4 endoplasms (D:1)
  A giant cockroach (D:1)
  3 goblins (D:1)
  6 hobgoblins (D:1)
  4 kobolds (D:1)
  3 quokkas (D:1)
  A bat (D:1)
  2 frilled lizards
27 creatures vanquished.

Vanquished Creatures (others)
  6 toadstools (D:2)
6 creatures vanquished.

Grand Total: 33 creatures vanquished

Notes
Turn   | Place    | Note
-------+----------+-------------------------------------------
     0 | D:1      | CowFu the Deep Dwarf Necromancer began the quest for the
                  | Orb.
     0 | D:1      | Reached XP level 1. HP: 15/15 MP: 3/3
   276 | D:1      | Reached XP level 2. HP: 17/22 MP: 1/4
   366 | D:1      | Reached skill level 5 in Necromancy
   696 | D:1      | Found a faded altar of an unknown god.
   868 | D:1      | Reached XP level 3. HP: 22/28 MP: 2/5
   886 | D:1      | Learned a level 3 spell: Vampiric Draining
  1856 | D:2      | Noticed Natasha
  1936 | D:1      | Killed from afar by a white imp

Illustrated notes

Levels and vault maps discovered:
D:1:      sevenhm_arrival_forest_fort_large_2, layout_basic,
          serial_corexii_hall, chequers_hall_statues_wall_a,
          chequers_hall_statues_corner_a, ebering_ecumenical_altar_hall
D:2:      layout_loops_ring, minmay_misc_feat_chi, minmay_gold_behind_fungi,
          minmay_vboxes, uniq_natasha

Skill      XL: |  1  2 |
---------------+-------+-----
Necromancy     | 5 |  5.7
Dodging        | |  2.1
Stealth        | |  2.4
Spellcasting   | |  1.7

Action                   || total
-------------------------++-------
Melee: Club              ||     8
 Cast: Pain              ||    61
       Vampiric Draining ||     2
  Use: Potion            ||     1
Armor: Robe              ||     4
Dodge: Dodged            ||    17

Table legend: (Time is in decaauts)
 A = Elapsed time spent in this place.
 B = Non-inter-level travel time spent in this place.
 C = Inter-level travel time spent in this place.
 D = Time resting spent in this place.
 E = Time spent auto-exploring this place.
 F = Levels seen in this place.
 G = Mean time per level.
                   A        B        C        D        E       F      G
               +--------+--------+--------+--------+--------+-----+--------+
         Total |   1938 |   1916 |     22 |      0 |   1703 |   2 |  969.0 |
       Dungeon |   1938 |   1916 |     22 |      0 |   1703 |   2 |  969.0 |
               +--------+--------+--------+--------+--------+-----+--------+

Top non-repeatable levels by time:
     D:1: 1886 daAuts
     D:2: 52 daAuts
